 Dungeon Crawl Stone Soup version 0.19.0-24-gb05acd6 (webtiles) character file.

52 XO4YCPATb the Changer (level 3, -2/15 HPs)
             Began as a Felid Transmuter on Nov 20, 2016.
             Slain by a kobold
             ... wielding a +4 dagger
              (6 damage)
             ... on level 2 of the Dungeon.
             The game lasted 00:04:35 (1662 turns).

XO4YCPATb the Changer (Felid Transmuter)            Turns: 1662, Time: 00:04:36

Health: -2/15      AC:  1    Str:  6    XL:     3   Next: 60%
Magic:  5/7        EV: 18    Int: 15    God:
Gold:   32         SH:  0    Dex: 16    Spells: 2 memorised, 3 levels left
                                        Lives:  0   Deaths: 0

rFire  . . .     SeeInvis +       - Unarmed
rCold  . . .     Gourm    .     (armour unavailable)
rNeg   . . .     Faith    .     (shield unavailable)
rPois  .         Spirit   .     (helmet unavailable)
rElec  .         Reflect  .     (cloak unavailable)
rCorr  .         Harm     .     (gloves unavailable)
MR     .....                    (boots unavailable)
Stlth  ++........               (no amulet)
                                (no ring)
                                (no ring)

@: appendage, quick
A: no armour, no weapons or thrown items, stealth, claws 1, fangs 3, horns 2,
see invisible, carnivore 3, speed 1, shaggy fur 1, slow metabolism 1, sharp paws
a: End Transformation


You were on level 2 of the Dungeon.
You were completely stuffed.
You had grown temporary horns.
You visited 1 branch of the dungeon, and saw 2 of its levels.

You collected 32 gold pieces.

Inventory:

Missiles
 a - 24 arrows
Jewellery
 f - a +4 ring of dexterity {unknown}
Scrolls
 h - a scroll of identify {unknown}
 i - 3 scrolls of recharging {unknown}
 j - a scroll of immolation {unknown}
 l - a scroll of remove curse {unknown}
 m - a scroll of noise {unknown}
 n - a scroll of fog {unknown}
Potions
 d - a potion of lignification {unknown}
 e - a potion of beneficial mutation {unknown}
 k - a potion of might {unknown}
 o - a potion of magic {unknown}
Books
 b - a book of Changes

   Spells                             Type                      Level
   a - Beastly Appendage              Transmutation                1
   b - Sticks to Snakes               Transmutation                2
   c - Spider Form                    Transmutation/Poison         3
   d - Ice Form                       Ice/Transmutation            4
   e - Blade Hands                    Transmutation                5
Comestibles
 c - 2 meat rations
 g - 3 chunks of flesh


   Skills:
 - Level 1.0 Fighting
 - Level 2.6 Dodging
 - Level 3.0 Unarmed Combat
 - Level 2.3 Spellcasting
 + Level 4.1 Transmutations


You had 3 spell levels left.
You knew the following spells:

 Your Spells              Type           Power        Failure   Level  Hunger
a - Beastly Appendage     Tmut           ##....       4%          1    #......
b - Sticks to Snakes      Tmut           ##......     8%          2    ###....


Dungeon Overview and Level Annotations

Branches:
Dungeon (2/15)

Altars:


Innate Abilities, Weirdness & Mutations

You cannot wear armour.
You are incapable of wielding weapons or throwing items.
Your paws allow you to move quietly. (Stealth)
You have sharp claws.
You have razor-sharp teeth.
You have supernaturally acute eyesight. (SInv)
You are carnivorous and can eat meat at any time.
You cover ground quickly.
You are covered in fur. (AC +1)
You have a slow metabolism.
Your sharp claws are effective at attacking unaware monsters.
You have a pair of horns on your head.


Message History

The adder completely misses you.
Your ball python bites the adder.
The adder dies!
Your Transmutations skill increases to level 4!
You start resting.
A kobold comes into view. It is wielding an enchanted dagger.
Casting: Sticks to Snakes
Confirm with . or Enter, or press ? or * to list all spells.
You grow a pair of large bovine horns.
You barely miss the kobold.
Your ball python bites the kobold but does no damage.
Your ball python barely misses the kobold.
The kobold hits you with an enchanted dagger.
* * * LOW HITPOINT WARNING * * *
You scratch the kobold but do no damage.
Your ball python barely misses the kobold.
Your ball python grabs the kobold.
Your ball python constricts the kobold.
You scratch the kobold.
The kobold is heavily wounded.
The kobold hits you with an enchanted dagger.
You die...

#.# .# #. #.#..##.#
#.# #. #.#..##.###.#
#. #........##.#
#(#..##..##.#
#.#.........####
#.##...........####
#.#.S..............
#...@K...##....######
#.#.###..##..........
#.#.# #.)###...######
##########.#.####.#
##.##
#.................#
#.#
#.##########.####.#
#.### #.# #.# #.#
#[#.## #.# #)# #.#
#..#.## #.# #.# #.#
##.###.##


You could see a kobold and a friendly ball python.

Vanquished Creatures
  An adder (D:2)
  A dart slug (D:1)
  A leopard gecko (D:1)
  A giant cockroach (D:1)
  5 goblins
  7 hobgoblins
  4 jackals (D:1)
  5 bats
  3 frilled lizards (D:1)
  2 kobolds (D:1)
  2 rats
32 creatures vanquished.

Vanquished Creatures (collateral kills)
  An adder (D:2)
1 creature vanquished.

Grand Total: 33 creatures vanquished

Notes
Turn   | Place    | Note
-------+----------+-------------------------------------------
     0 | D:1      | XO4YCPATb the Felid Transmuter began the quest for the Orb.
     0 | D:1      | Reached XP level 1. HP: 9/9 MP: 4/4
   334 | D:1      | Reached skill level 3 in Transmutations
   407 | D:1      | Reached XP level 2. HP: 12/12 MP: 6/6
   812 | D:1      | Reached XP level 3. HP: 13/15 MP: 7/7
   854 | D:1      | Learned a level 2 spell: Sticks to Snakes
  1651 | D:2      | Reached skill level 4 in Transmutations
  1662 | D:2      | Slain by a kobold

Skill      XL: |  1  2  3 |
---------------+----------+-----
Transmutations | 3 4 |  4.1
Fighting       | |  1.0
Dodging        | |  2.6
Unarmed Combat | |  3.0
Spellcasting   | |  2.3

Action                   || total
-------------------------++-------
Melee: Unarmed           ||   117
       Bite              ||    12
       Headbutt          ||     1
 Cast: Beastly Appendage ||     3
       Sticks to Snakes  ||     2
  Use: Scroll            ||     1
 Stab: Sleeping          ||     3
  Eat: Chunk             ||     9
Armor: Skin              ||     6
Dodge: Dodged            ||   119
